 Dungeon Sprint DCSS version 0.27-a0-909-g0721f309d1 (webtiles) character file.

Game seed: 14392065571982425100

6430 EnegeticOcto the Imperceptible (level 11, -8/102 HPs)
             Began as a Kobold Berserker on Apr 8, 2021.
             Was a High Priest of Trog.
             Shot with an arrow by a deep elf master archer (37 damage)
             ... in the Dungeon (Sprint II: "The Violet Keep of Menkaure").
             The game lasted 00:10:58 (1595 turns).

EnegeticOcto the Imperceptible (Kobold Berserker)   Turns: 1595, Time: 00:10:58

Health: -8/102     AC:  9    Str: 18    XL:     11   Next: 18%
Magic:  3/3        EV: 23    Int: 10    God:    Trog [*****.]
Gold:   12         SH:  0    Dex: 17    Spells: 10/10 levels left

rFire    + . .     SeeInvis +   c - +12 quick blade (antimagic)
rCold    x . .     Faith    .   (shield restricted)
rNeg     . . .     Spirit   .   F - +1 ring mail of Watchfulness {Str+4}
rPois    .         Reflect  .   B - +0 helmet of Summer {SInv}
rElec    .         Harm     .   i - +1 cloak {rCorr}
rCorr    +         Rampage  .   (no gloves)
Will     .....     NoTele   +   (no boots)
Stlth    ..........             x - amulet of the acrobat
HPRegen  0.27/turn              G - ring "Pilugh Leoc" {Fire Stlth+}
MPRegen  0.08/turn              b - ring of flight

@: berserking, flying, very quick
A: small, no large weapons, nightstalker 3
a: Renounce Religion, Berserk, Trog's Hand, Brothers in Arms


You were in the Dungeon.
You worshipped Trog.
Trog was extremely pleased with you.
You visited 1 branch You collected 1409 gold pieces.
You spent 1397 gold pieces at shops.

Inventory:

Hand Weapons
 a - a +0 short sword
 c - a +12 antimagic quick blade (weapon)
   (Trog gifted it to you in the Dungeon)
 n - a +2 rapier of venom
   (You bought it in a shop in the Dungeon)
Missiles
 E - 138 stones (quivered)
Armour
 i - a +1 cloak of preservation (worn)
   (You bought it in a shop in the Dungeon)
 B - the +0 helmet of Summer (worn) {SInv}
   (You acquired it in the Dungeon)

   It lets you see invisible.
 F - the +1 ring mail of Watchfulness (worn) {Str+4}
   (You bought it in a shop in the Dungeon)

   It affects your strength (+4).
Jewellery
 b - a ring of flight (right hand)
   (You bought it in a shop in the Dungeon)
 x - an amulet of the acrobat (around neck)
   (You found it in the Dungeon)
 G - the ring "Pilugh Leoc" (left hand) {Fire Stlth+}
   (You bought it in a shop in the Dungeon)

   [ring of fire]

   It enhances your fire magic.
   It protects you from fire.
   It makes you vulnerable to cold.
   It makes you more stealthy.
Scrolls
 h - 2 scrolls of blinking {@r4}
 j - 2 scrolls of vulnerability {unknown}
 k - a scroll of fog {!r}
 l - a scroll of immolation
 m - a scroll of brand weapon
 s - a scroll of enchant weapon
 u - 2 scrolls of identify {@r1}
 y - 2 scrolls of magic mapping {unknown}
 A - 2 scrolls of fear {!r}
 C - 2 scrolls of amnesia {unknown}
Potions
 d - 2 potions of heal wounds {@q2 !q}
 e - a potion of haste {@q4 !q}
 f - 5 potions of magic
 g - a potion of berserk rage
 o - 2 potions of invisibility
 p - a potion of attraction
 q - a potion of might {unknown}
 r - 8 potions of flight {unknown}
 t - 2 potions of brilliance {unknown}
 v - a potion of cancellation {unknown}
 w - 3 potions of resistance {unknown}
 z - a potion of mutation {unknown}
 D - a potion of degeneration {unknown}


   Skills:
 - Level 8.0 Fighting
 - Level 14.0 Short Blades
 - Level 1.5 Armour
 + Level 17.0 Dodging
 + Level 21.4 Stealth


You had 10 spell levels left.
You didn't know any spells.
Your spell library was empty.

Dungeon Overview and Level Annotations

Branches:
Dungeon (1/1)

Altars:
Cheibriados
Dithmenos
Elyvilon
Fedhas
Gozag
Hepliaklqana
Kikubaaqudgha
Makhleb
Nemelex Xobeh
Okawaru
Qazlal
Ru
Sif Muna
Trog
Uskayaw
Vehumet
Wu Jian
Xom
Yredelemnul
Zin
The Shining One
Beogh
Jiyva
Lugonu

Shops:
D =[*(!=![:((!?[

Annotations:
D exclusion: orange crystal statue


Innate Abilities, Weirdness & Mutations

You are small and have problems with some larger weapons.
You are completely attuned to the shadows.


Message History

Your magical contamination has completely faded away.
You start resting.
You recover from your berserk rage.
You start resting.
You feel yourself speed up.
You start resting.
HP restored.
You reach down and open the door.
There is an open door here.
Your skin crawls.
You feel strong-willed.
You see here a swamp drake corpse.
A red film seems to cover your vision as you go berserk!
You feel yourself moving faster!
You feel mighty!
The death drake hisses angrily.
You hit the death drake.
The death drake is lightly wounded.
You puncture the death drake!
The death drake is moderately wounded.
You hit the death drake but do no damage.
The death drake is moderately wounded.
The death drake misses you.
You puncture the death drake!
The death drake is moderately wounded.
You impale the death drake!!
The death drake is severely wounded.
You hear an angry hiss.
You puncture the death drake!
The death drake is almost dead.
The death drake closely misses you.
You puncture the death drake!
You kill the death drake!
Trog accepts your kill.
Your Stealth skill increases to level 21!
You start waiting.
You feel a strong urge to attack something.
You start waiting.
You feel your anger nearly subside.
You are no longer berserk.
You are exhausted.
You feel yourself slow down.
You start waiting.
You feel the effects of Trog's Hand fading.
You start waiting.
You feel yourself speed up.
Your skin stops crawling.
You feel less strong-willed.
You start waiting.
You recover from your berserk rage.
Things that are here:
a death drake corpse; a swamp drake corpse
Found 3 dark potions.
You catch the helpless death drake completely off-guard!
You stick the death drake like a pincushion!!!
You kill the death drake!
Trog accepts your kill.
Your Dodging skill increases to level 17!
You see here a death drake corpse.
r - 8 dark potions (gained 3)
Things that are here:
a death drake corpse; a swamp drake corpse
As you read the scroll labelled YRIL COCWUROE, it crumbles to dust.
It is a scroll of identify.
k - a scroll of fog
As you read the scroll of identify {@r1}, it crumbles to dust.
l - a scroll of immolation
As you read the scroll of identify {@r1}, it crumbles to dust.
s - a scroll of enchant weapon
As you read the scroll of identify {@r1}, it crumbles to dust.
m - a scroll of brand weapon
As you read the scroll of identify {@r1}, it crumbles to dust.
A - 2 scrolls of fear
As you read the scroll of identify {@r1}, it crumbles to dust.
B - a scroll of acquirement Something appears at your feet!
You start putting on your armour.
You continue putting on the +0 helmet of Summer {SInv}. x4
You finish putting on the +0 helmet of Summer {SInv}.
A deep elf master archer comes into view.
The deep elf master archer shouts!
The deep elf master archer wields a +0 longbow.
The deep elf master archer shoots an arrow.
The arrow completely misses you.
The deep elf master archer shoots an arrow.
The arrow hits you!
The deep elf master archer shoots an arrow.
The arrow closely misses you.
A red film seems to cover your vision as you go berserk!
You feel yourself moving faster!
You feel mighty!
The deep elf master archer shoots an arrow.
The arrow hits you!!
The deep elf master archer shoots an arrow.
The arrow hits you!!
* * * LOW HITPOINT WARNING * * *
You miss the deep elf master archer.
You puncture the deep elf master archer!
The deep elf master archer is lightly wounded.
You miss the deep elf master archer.
The deep elf master archer is lightly wounded.
The deep elf master archer shoots an arrow.
The arrow hits you!!!
You die...

≈§§;≈≈; ##++## ..°▓0..▓ ##
≈≈≈;;§§ ##§.§.### .°○▓▓▓▓▓ .≈#
≈;;§≈ #e@.....###.°.▓§≈≈≈
###≈≈#+++#+++#####....#.##:|▓▓▓▓▓
##≈≈≈.........#..'...^#..#==▓.)..
.#≈≈≈≈.##+##..#..####.#†.#|○▓.[..
.#≈≈≈≈##.#.##.####..'.##.#)|▓....
.#≈≈≈≈#..#..#....#..#..†####▓..)(
∩#≈≈####.#.####..#####..##.#▓..).
.#≈##.###'###.##..#..'^.#..#▓.[..
.#≈#.#.##.##...#..#..#..#..#▓...(


You could see a deep elf master archer.

Vanquished Creatures
  2 boulder beetles (D)
  2 death drakes (D)
  3 manticores (D)
  2 redbacks (D)
  5 wyverns (D)
  Menkaure (D)
  3 water moccasins (D)
  4 necrophages (D)
  A scorpion (D)
  3 worms (D)
26 creatures vanquished.

Vanquished Creatures (collateral kills)
  A crystal guardian (D)
  A yaktaur (D)
  3 polar bears (D)
  A hornet (D)
  2 swamp drakes (D)
8 creatures vanquished.

Vanquished Creatures (others)
  A water moccasin (D)
1 creature vanquished.

Grand Total: 35 creatures vanquished

Notes
Turn   | Place    | Note
-------+----------+-------------------------------------------
     0 | D        | EnegeticOcto the Kobold Berserker began the quest for the
                  | Orb.
     0 | D        | Reached XP level 1. HP: 14/14 MP: 1/1
     1 | D        | Noticed a boulder beetle
     1 | D        | Noticed a boulder beetle
    13 | D        | Reached skill level 2 in Stealth
    32 | D        | Killed a water moccasin
   251 | D        | Reached skill level 5 in Short Blades
   251 | D        | Reached skill level 3 in Stealth
   251 | D        | Reached XP level 2. HP: 19/19 MP: 2/2
   297 | D        | Reached ** piety under Trog
   298 | D        | Reached skill level 4 in Stealth
   337 | D        | Noticed a necrophage
   337 | D        | Noticed a necrophage
   337 | D        | Noticed a necrophage
   337 | D        | Noticed a necrophage
   347 | D        | Killed a necrophage
   348 | D        | Reached skill level 9 in Short Blades
   348 | D        | Reached skill level 8 in Stealth
   348 | D        | Reached XP level 3. HP: 23/23 MP: 3/3
   348 | D        | Reached XP level 4. HP: 28/28 MP: 4/4
   348 | D        | Reached XP level 5. HP: 32/32 MP: 5/5
   359 | D        | Killed a necrophage
   360 | D        | Reached skill level 10 in Short Blades
   360 | D        | Reached skill level 10 in Stealth
   423 | D        | Killed a necrophage
   424 | D        | Reached skill level 4 in Fighting
   424 | D        | Reached skill level 11 in Short Blades
   424 | D        | Reached skill level 3 in Dodging
   424 | D        | Reached skill level 11 in Stealth
   424 | D        | Reached XP level 6. HP: 38/38 MP: 6/6
   424 | D        | Killed a necrophage
   424 | D        | Reached *** piety under Trog
   425 | D        | Reached skill level 5 in Fighting
   425 | D        | Reached skill level 12 in Short Blades
   425 | D        | Reached skill level 4 in Dodging
   425 | D        | Reached skill level 12 in Stealth
   434 | D        | Noticed a wyvern
   434 | D        | Noticed a wyvern
   443 | D        | Noticed an orange crystal statue
   449 | D        | Found Aha Sacs's Weapon Shop.
   449 | D        | Found Lifoerou's Magic Scroll Shop.
   450 | D        | Found Votwym's Antique Armour Shop.
   451 | D        | Found Akhygaor's Weapon Boutique.
   452 | D        | Found Ifiduar's Book Boutique.
   452 | D        | Found Xupet's Distillery.
   453 | D        | Found Gookuq's Armour Boutique.
   453 | D        | Found Duung's Distillery.
   454 | D        | Found Byjise Pefi's Jewellery Shop.
   454 | D        | Found Erig's Distillery.
   454 | D        | Noticed a cane toad
   455 | D        | Found Panwus's Antique Weapon Boutique.
   455 | D        | Found Xetsuy's Assorted Antiques.
   458 | D        | Bought an embroidered cloak for 157 gold pieces
   465 | D        | Found Velaenia's Antique Armour Shop.
   465 | D        | Found Paraunletich's Jewellery Boutique.
   473 | D        | Bought a scroll labelled XUONYR XAOT for 29 gold pieces
   473 | D        | Bought a scroll labelled PINTUA FUOPT for 29 gold pieces
   473 | D        | Bought a scroll labelled WANLAL QUC VUH for 29 gold pieces
   473 | D        | Bought a scroll labelled CETHID MYDOUSA for 29 gold pieces
   473 | D        | Bought a runed rapier for 203 gold pieces
   492 | D        | Killed a wyvern
   493 | D        | Reached skill level 6 in Fighting
   493 | D        | Reached skill level 6 in Dodging
   493 | D        | Reached XP level 7. HP: 40/46 MP: 7/7
   612 | D        | Killed a wyvern
   613 | D        | Reached skill level 13 in Stealth
   626 | D        | Bought a potion of invisibility for 88 gold pieces
   635 | D        | Bought a potion of invisibility for 88 gold pieces
   635 | D        | Bought a potion of attraction for 33 gold pieces
   648 | D        | Reached skill level 7 in Fighting
   648 | D        | Reached skill level 13 in Short Blades
   648 | D        | Reached skill level 7 in Dodging
   732 | D        | Found a glowing golden altar of the Shining One.
   733 | D        | Found a shimmering altar of Xom.
   734 | D        | Found a basalt altar of Yredelemnul.
   735 | D        | Found a glowing silver altar of Zin.
   781 | D        | Noticed a wyvern
   782 | D        | Noticed a wyvern
   782 | D        | Noticed a wyvern
   783 | D        | Killed a wyvern
   783 | D        | Reached **** piety under Trog
   784 | D        | Reached XP level 8. HP: 53/53 MP: 8/8
   785 | D        | Killed a wyvern
   786 | D        | Reached skill level 8 in Fighting
   786 | D        | Reached skill level 8 in Dodging
   786 | D        | Reached skill level 14 in Stealth
   786 | D        | Killed a wyvern
   794 | D        | Noticed a redback
   795 | D        | Noticed a redback
   796 | D        | Killed a redback
   797 | D        | Reached skill level 14 in Short Blades
   797 | D        | Reached skill level 9 in Dodging
   798 | D        | Killed a redback
   799 | D        | Reached skill level 10 in Dodging
   799 | D        | Reached skill level 15 in Stealth
   799 | D        | Reached XP level 9. HP: 59/59 MP: 9/9
   808 | D        | Noticed a manticore
   808 | D        | Noticed a manticore
   808 | D        | Noticed a manticore
   810 | D        | Killed a manticore
   810 | D        | Reached ***** piety under Trog
   811 | D        | Reached skill level 11 in Dodging
   811 | D        | Reached skill level 16 in Stealth
   812 | D        | Killed a manticore
   813 | D        | Reached skill level 12 in Dodging
   813 | D        | Reached skill level 17 in Stealth
   813 | D        | Killed a manticore
   814 | D        | Reached skill level 13 in Dodging
   830 | D        | Found a hide-covered altar of Uskayaw.
   830 | D        | Found a bloodstained altar of Trog.
   830 | D        | Noticed a polar bear
   831 | D        | Found a radiant altar of Vehumet.
   831 | D        | Noticed a yaktaur
   831 | D        | Noticed a hornet
   832 | D        | Noticed a polar bear
   832 | D        | Noticed a polar bear
   838 | D        | Killed a polar bear
   841 | D        | Killed a polar bear
   842 | D        | Reached skill level 18 in Stealth
   842 | D        | Reached XP level 10. HP: 64/64 MP: 10/10
   849 | D        | Killed a yaktaur
   890 | D        | Found an ornate altar of the Wu Jian Council.
   890 | D        | Found a shimmering blue altar of Sif Muna.
   890 | D        | Found a corrupted altar of Lugonu.
   891 | D        | Found a sacrificial altar of Ru.
   891 | D        | Found an ancient bone altar of Kikubaaqudgha.
   892 | D        | Found a burning altar of Makhleb.
   892 | D        | Found a white marble altar of Elyvilon.
   892 | D        | Found a viscous altar of Jiyva.
   892 | D        | Found a stormy altar of Qazlal.
   892 | D        | Found a shadowy altar of Dithmenos.
   893 | D        | Found a hazy altar of Hepliaklqana.
   893 | D        | Found a snail-covered altar of Cheibriados.
   897 | D        | Found a blossoming altar of Fedhas.
   902 | D        | Found an opulent altar of Gozag.
   903 | D        | Found a sparkling altar of Nemelex Xobeh.
   904 | D        | Found an iron altar of Okawaru.
   925 | D        | Noticed a kraken
  1073 | D        | Reached skill level 14 in Dodging
  1272 | D        | Killed a boulder beetle
  1273 | D        | Reached skill level 15 in Dodging
  1273 | D        | Reached skill level 19 in Stealth
  1316 | D        | Killed a boulder beetle
  1317 | D        | Reached skill level 20 in Stealth
  1334 | D        | Bought a brightly glowing ring mail for 189 gold pieces
  1334 | D        | Identified the +1 ring mail of Watchfulness {Str+4} (You
                  | bought it in a shop in the Dungeon)
  1374 | D        | Bought a ring of flight for 175 gold pieces
  1374 | D        | Bought the ring "Pilugh Leoc" {Fire Stlth+} for 348 gold
                  | pieces
  1386 | D        | Noticed Menkaure
  1390 | D        | Killed Menkaure
  1414 | D        | Noticed a death drake
  1415 | D        | Noticed a crystal guardian
  1417 | D        | Noticed a death drake
  1435 | D        | Killed a crystal guardian
  1435 | D        | Received a gift from Trog
  1436 | D        | Reached skill level 16 in Dodging
  1436 | D        | Reached XP level 11. HP: 65/68 MP: 11/11
  1523 | D        | Killed a death drake
  1524 | D        | Reached skill level 21 in Stealth
  1562 | D        | Killed a death drake
  1563 | D        | Reached skill level 17 in Dodging
  1576 | D        | Identified a scroll of acquirement
  1577 | D        | Acquired the +0 helmet of Summer {SInv}
  1589 | D        | Noticed a deep elf master archer
  1595 | D        | Shot with an arrow by a deep elf master archer

Illustrated notes

Levels and vault maps discovered:
D:        the_violet_keep_of_menkaure [sprint2_stairs_cluster_1,
          sprint2_shoproom, sprint2_temple, sprint2_basic_supplies,
          sprint2_obstacle_4, sprint2_obstacle_3, sprint2_obstacle_7,
          sprint2_obstacle_2, sprint2_obstacle_6, sprint2_timed_cluster_1,
          sprint2_smallroom_cluster_1, sprint2_smallroom_final_cluster_1,
          sprint2_transparent_cluster_1, sprint2_second_timed_cluster_1,
          sprint2_sniper_area_1, sprint2_heavy_combat_area_1,
          sprint2_mutation_trap_area_1, sprint2_forest_area_1,
          sprint2_light_combat_area_1, sprint2_behind_water_1,
          sprint2_near_end_vault_1]

Skill      XL: |  1  2  3  4  5  6  7  8  9 10 11 |
---------------+----------------------------------+-----
Stealth        | 3 8 11 12 13 15 18 20 21 | 21.4
Short Blades   | 5 9 11 12 13 14 | 14.0
Fighting       | 4 6 7 8 |  8.0
Dodging        | 3 6 7 10 13 16 17 | 17.0
Armour         | |  1.5

Action                   |  1- 3 |  4- 6 |  7- 9 | 10-12 || total
-------------------------+-------+-------+-------+-------++-------
Melee: Short sword       |    18 |    13 |       |       ||    31
       Rapier            |       |     5 |    11 |    33 ||    49
       Quick blade       |       |       |       |    11 ||    11
Invok: Berserk           |     4 |     1 |     1 |     6 ||    12
       Brothers in Arms  |       |       |     1 |     2 ||     3
       Trog's Hand       |       |       |     1 |     2 ||     3
  Use: Potion            |       |       |       |     2 ||     2
       Scroll            |       |       |       |     7 ||     7
 Stab: Sleeping          |       |     2 |     9 |     4 ||    15
       Invisible         |       |       |       |     1 ||     1
       Distracted        |       |       |       |     1 ||     1
Armor: Animal skin       |     1 |     1 |     4 |       ||     6
Dodge: Dodged            |     3 |     5 |    10 |    20 ||    38

Table legend: (Time is in decaauts)
 A = Elapsed time spent in this place.
 B = Non-inter-level travel time spent in this place.
 C = Inter-level travel time spent in this place.
 D = Time resting spent in this place.
 E = Time spent auto-exploring this place.
 F = Levels seen in this place.
 G = Mean time per level.
                   A        B        C        D        E       F      G
               +--------+--------+--------+--------+--------+-----+--------+
         Total |   1713 |   1713 |      0 |    980 |      0 |   1 | 1713.0 |
       Dungeon |   1713 |   1713 |      0 |    980 |      0 |   1 | 1713.0 |
               +--------+--------+--------+--------+--------+-----+--------+

Top non-repeatable levels by time:
       D: 1713 daAuts
